Atomiques vs Diablos
(R1)
Created - January 12, 2020 at 19:09
Goals
|
| Atomiques |
1 |
0 |
5 |
6 |
| Diablos |
2 |
0 |
1 |
3 |
|
Shots
|
| Atomiques |
7 |
6 |
26 |
39 |
| Diablos |
9 |
2 |
12 |
23 |
|
1st period
1. Diablos , Jordan Szwarz 15 (Nick Spaling 16, Philip Larsen 17) at 0:15
2. Atomiques , Jimmy Hayes 6 (Dwight King 13) at 10:07
3. Diablos , Corey Trivino 9 (Brian Dumoulin 15) at 14:32 (PP)
Penalties :
Max McCormick (STB) for Tripping (Minor) at 7:14, Jamie Devane (Don) for Hooking (Minor) at 11:38, Bobby Farnham (STB) for High sticking (Minor) at 13:55, Brian Dumoulin (Don) for Interference (Minor) at 16:25
2nd period
No Goal
Penalties :
Brendan Lemieux (STB) for Tripping (Minor) at 1:02, Matt Tennyson (STB) for Tripping (Minor) at 4:04, Matt Tennyson (STB) for Roughing (Minor) at 15:29, Brendan Lemieux (STB) for High sticking (Minor) at 19:02
3rd period
4. Atomiques , Michael Chaput 16 (Brendan Lemieux 10, Wiley Sherman 10) at 6:49
5. Atomiques , James Wright 8 (Jimmy Hayes 10) at 11:31
6. Atomiques , Jimmy Hayes 7 (James Wright 9, Dwight King 14) at 11:45
7. Diablos , Tyler Pitlick 9 (Peter Holland 1, Jiri Sekac 9) at 12:27
8. Atomiques , Jimmy Hayes 8 (James Wright 10) at 14:02 (PP)
9. Atomiques , James Wright 9 (Dwight King 15, Jimmy Hayes 11) at 17:37 (PP)
Penalties :
Jordan Szwarz (Don) for Interference (Minor) at 3:11, Ty Rattie (Don) for Hooking (Minor) at 14:01, Jimmy Hayes (STB) for Tripping (Minor) at 14:31, Adrian Kempe (Don) for Roughing (Minor) at 17:28
Goalie Stats
Andrew Hammond (STB), 20 saves from 23 shots - (0.870), W, 3-4-0, 60:00 minutes
Joni Ortio (Don), 33 saves from 39 shots - (0.846), L, 1-6-0, 60:00 minutes
Players Stats for Atomiques
Player Name G A P +/- PIM S H SB GA TA FO MP PP MP PK MP
------------------------------------------------------------------------------------
Anthony Nigro 0 0 0 0 0 3 0 1 0 0 2/5 5:42 0:00 0:00
Axel Holmstrom 0 0 0 0 0 0 0 0 0 0 0/0 0:00 0:00 0:00
Bobby Farnham 0 0 0 0 2 2 2 1 0 0 0/0 10:01 0:00 0:00
Brendan Lemieux 0 1 1 0 4 1 1 0 0 0 0/0 10:18 0:00 0:00
Carl Dahlstrom 0 0 0 0 0 0 0 0 0 0 0/0 3:26 0:00 1:10
Chris Tierney 0 0 0 0 0 0 3 0 0 0 3/6 18:24 2:36 4:17
Colby Cohen 0 0 0 1 0 1 0 1 0 0 0/0 20:24 2:23 4:11
Connor Clifton 0 0 0 0 0 0 0 0 0 0 0/0 3:26 0:00 0:21
Corey Tropp 0 0 0 0 0 6 1 0 0 1 1/1 14:01 2:36 0:00
Dalton Smith 0 0 0 0 0 2 3 0 0 1 0/0 14:36 2:36 0:20
Dwight King 0 3 3 2 0 1 2 0 1 1 2/2 19:43 3:16 3:27
Eric Mestery 0 0 0 0 0 1 1 0 0 0 0/0 8:29 0:00 0:00
Freddie Hamilton 0 0 0 0 0 0 0 0 0 0 0/0 0:46 0:28 0:00
James Wright 2 2 4 2 0 5 0 0 0 1 27/40 23:23 3:16 6:45
Jimmy Hayes 3 2 5 2 2 4 1 1 0 0 5/7 21:58 3:10 5:38
Joseph Cramarossa 0 0 0 0 0 0 1 0 0 0 0/0 5:42 0:00 0:00
Keegan Iverson 0 0 0 0 0 0 0 0 0 0 0/0 0:00 0:00 0:00
Matt Tennyson 0 0 0 1 4 1 0 0 0 0 0/0 25:52 3:44 5:45
Max McCormick 0 0 0 0 2 1 0 1 0 0 0/0 6:05 0:08 0:00
Michael Chaput 1 0 1 0 0 7 1 1 1 1 3/6 10:44 0:00 0:27
Mike Halmo 0 0 0 0 0 0 0 0 0 0 0/0 2:28 0:15 1:43
Nicolas Aube-Kubel 0 0 0 0 0 0 0 0 0 0 1/3 3:05 0:00 2:25
Samuel Morin 0 0 0 1 0 1 1 3 0 2 0/0 27:41 3:44 7:59
Travis Sanheim 0 0 0 0 0 1 0 0 0 0 0/0 10:44 0:00 1:25
Wiley Sherman 0 1 1 1 0 2 0 0 1 0 0/0 20:24 2:23 4:11
Players Stats for Diablos
Player Name G A P +/- PIM S H SB GA TA FO MP PP MP PK MP
------------------------------------------------------------------------------------
Adrian Kempe 0 0 0 -1 2 5 0 1 0 0 3/7 10:07 0:00 0:00
Andrei Mironov 0 0 0 -1 0 0 0 0 0 0 0/0 7:06 0:00 0:00
Andrey Pedan 0 0 0 -1 0 0 0 2 0 0 0/0 20:49 5:43 2:17
Branden Troock 0 0 0 0 0 0 0 0 0 0 0/0 0:00 0:00 0:00
Brian Dumoulin 0 1 1 0 2 3 2 5 2 0 0/0 27:50 6:48 2:28
Corey Trivino 1 0 1 -2 0 2 0 1 0 1 12/34 22:03 6:53 1:11
Danton Heinen 0 0 0 0 0 0 0 0 0 0 0/0 0:00 0:00 0:00
Dominic Turgeon 0 0 0 0 0 0 0 0 0 0 0/0 1:48 0:00 1:44
Jack Glover 0 0 0 0 0 0 0 0 0 0 0/0 2:52 0:00 0:00
Jakub Vrana 0 0 0 -1 0 0 2 0 0 0 0/1 10:08 0:00 0:00
Jamie Devane 0 0 0 0 2 0 0 1 0 0 0/0 8:50 0:00 1:13
Jiri Sekac 0 1 1 1 0 0 1 0 1 0 0/1 15:59 5:38 0:40
Jordan Szwarz 1 0 1 -2 2 2 3 2 1 0 1/4 23:12 6:53 2:02
Matt Lindblad 0 0 0 0 0 0 0 0 0 0 0/0 0:15 0:00 0:15
Nick Spaling 0 1 1 -2 0 5 3 0 2 0 2/6 23:54 6:53 3:05
Peter Holland 0 1 1 1 0 1 1 0 0 0 5/10 16:30 5:38 0:53
Philip Larsen 0 1 1 0 0 1 4 1 0 0 0/0 28:50 6:48 3:30
Riley Nash 0 0 0 0 0 0 0 2 1 0 1/4 7:12 0:00 0:00
Scott Glennie 0 0 0 -1 0 1 1 2 0 0 1/1 10:08 0:00 0:00
Stuart Percy 0 0 0 -1 0 0 0 4 0 1 0/0 7:59 0:00 0:53
Tobias Lindberg 0 0 0 0 0 0 0 0 0 0 0/0 0:00 0:00 0:00
Ty Rattie 0 0 0 0 2 0 0 0 0 0 0/1 7:11 0:00 0:00
Tyler Lewington 0 0 0 0 0 0 0 0 0 1 0/0 3:24 0:00 0:29
Tyler Pitlick 1 0 1 1 0 3 2 0 0 0 1/1 16:29 5:38 1:11
Viktor Loov 0 0 0 -1 0 0 2 2 0 0 0/0 21:12 5:43 2:37
3 Stars
1 - Jimmy Hayes (STB)
2 - James Wright (STB)
3 - Dwight King (STB)
Power Play
Atomiques - 2 on 5 Attempt(s) - 40.00%
Diablos - 1 on 7 Attempt(s) - 14.29%
Penalty Kill
Atomiques - 6 on 7 Attempt(s) - 85.71%
- Score 0 goal in Penalty Kill
Diablos - 3 on 5 Attempt(s) - 60.00%
- Score 0 goal in Penalty Kill
Team Stat
Atomiques - Hits : 17 - Faceoff Wins : 44 - Blocked Shots : 9 - Penalty Minutes : 14
Diablos - Hits : 21 - Faceoff Wins : 26 - Blocked Shots : 23 - Penalty Minutes : 10
Official
Referees : Unknown
Linesman : Unknown
Game Notes
Jimmy Hayes has scored a Hat Trick!
Finance
Level 1 -- Attendance: 2000 (100.00%) -- Ticket Income $28,000
Level 2 -- Attendance: 981 (98.10%) -- Ticket Income $4,905
Total Attendance: 2981 (99.37%)
Total Ticket Income: $32,905
Other Income: $1,645
Total Income: $34,550
Atomiques
5 vs 5 Forward
Center Left Wing Right Wing Time % Phy DF OF
1 James Wright Dwight King Jimmy Hayes 40 1 2 2
2 Chris Tierney Dalton Smith Corey Tropp 30 1 2 2
3 Michael Chaput Brendan Lemieux Bobby Farnham 20 1 2 2
4 Anthony Nigro Joseph Cramarossa Max McCormick 10 1 2 2
5 vs 5 Defense
Defense Defense Time % Phy DF OF
1 Matt Tennyson Samuel Morin 40 1 2 2
2 Colby Cohen Wiley Sherman 30 1 2 2
3 Eric Mestery Travis Sanheim 20 1 2 2
4 Carl Dahlstrom Connor Clifton 10 1 2 2
PowerPlay Forward
Center Left Wing Right Wing Time % Phy DF OF
1 James Wright Dwight King Jimmy Hayes 60 1 2 2
2 Chris Tierney Dalton Smith Corey Tropp 40 1 2 2
PowerPlay Defense
Defense Defense Time % Phy DF OF
1 Matt Tennyson Samuel Morin 60 1 2 2
2 Colby Cohen Wiley Sherman 40 1 2 2
Penalty Kill 4 Players Forward
Center Wing Time % Phy DF OF
1 Jimmy Hayes James Wright 60 1 2 2
2 Dwight King Chris Tierney 40 1 2 2
Penalty Kill 4 Players Defense
Defense Defense Time % Phy DF OF
1 Matt Tennyson Samuel Morin 60 1 2 2
2 Colby Cohen Wiley Sherman 40 1 2 2
Penalty Kill - 3 Players Forward
Forward Time % Phy DF OF
1 Jimmy Hayes 60 1 2 2
2 James Wright 40 1 2 2
Penalty Kill - 3 Players Defense
Defense Defense Time % Phy DF OF
1 Matt Tennyson Samuel Morin 60 1 2 2
2 Colby Cohen Wiley Sherman 40 1 2 2
4 vs 4 Forward
Center Wing Time % Phy DF OF
1 Jimmy Hayes James Wright 60 1 2 2
2 Dwight King Chris Tierney 40 1 2 2
4 vs 4 Defense
Defense Defense Time % Phy DF OF
1 Matt Tennyson Samuel Morin 60 1 2 2
2 Colby Cohen Wiley Sherman 40 1 2 2
Last Minutes Offensive
Center Left Wing Right Wing Defense Defense
James Wright Dwight King Jimmy Hayes Matt Tennyson Samuel Morin
Last Minutes Defensive
Center Left Wing Right Wing Defense Defense
James Wright Dwight King Jimmy Hayes Matt Tennyson Samuel Morin
Goaltenders
Starting : Andrew Hammond
Backup : Connor Hellebyuk
Extra Forwards
Normal : Freddie Hamilton, Mike Halmo, Nicolas Aube-Kubel - PP : Freddie Hamilton, Mike Halmo - PK : Nicolas Aube-Kubel
Extra Defensemen
Normal : Eric Mestery, Travis Sanheim, Carl Dahlstrom - PP : Eric Mestery - PK : Travis Sanheim, Carl Dahlstrom
Penalty Shots
Jimmy Hayes, James Wright, Dwight King, Chris Tierney, Corey Tropp
Scratches
Thatcher Demko (Healthy)
Diablos
5 vs 5 Forward
Center Left Wing Right Wing Time % Phy DF OF
1 Corey Trivino Nick Spaling Jordan Szwarz 40 1 2 2
2 Peter Holland Jiri Sekac Tyler Pitlick 30 1 2 2
3 Adrian Kempe Jakub Vrana Scott Glennie 20 1 2 2
4 Riley Nash Jamie Devane Ty Rattie 10 1 2 2
5 vs 5 Defense
Defense Defense Time % Phy DF OF
1 Brian Dumoulin Philip Larsen 40 1 2 2
2 Viktor Loov Andrey Pedan 30 1 2 2
3 Andrei Mironov Stuart Percy 20 1 2 2
4 Tyler Lewington Jack Glover 10 1 2 2
PowerPlay Forward
Center Left Wing Right Wing Time % Phy DF OF
1 Corey Trivino Nick Spaling Jordan Szwarz 60 1 2 2
2 Peter Holland Jiri Sekac Tyler Pitlick 40 1 2 2
PowerPlay Defense
Defense Defense Time % Phy DF OF
1 Brian Dumoulin Philip Larsen 60 1 2 2
2 Viktor Loov Andrey Pedan 40 1 2 2
Penalty Kill 4 Players Forward
Center Wing Time % Phy DF OF
1 Nick Spaling Jordan Szwarz 60 1 2 2
2 Corey Trivino Tyler Pitlick 40 1 2 2
Penalty Kill 4 Players Defense
Defense Defense Time % Phy DF OF
1 Brian Dumoulin Philip Larsen 60 1 2 2
2 Viktor Loov Andrey Pedan 40 1 2 2
Penalty Kill - 3 Players Forward
Forward Time % Phy DF OF
1 Nick Spaling 60 1 2 2
2 Jordan Szwarz 40 1 2 2
Penalty Kill - 3 Players Defense
Defense Defense Time % Phy DF OF
1 Brian Dumoulin Philip Larsen 60 1 2 2
2 Viktor Loov Andrey Pedan 40 1 2 2
4 vs 4 Forward
Center Wing Time % Phy DF OF
1 Nick Spaling Jordan Szwarz 60 1 2 2
2 Corey Trivino Tyler Pitlick 40 1 2 2
4 vs 4 Defense
Defense Defense Time % Phy DF OF
1 Brian Dumoulin Philip Larsen 60 1 2 2
2 Viktor Loov Andrey Pedan 40 1 2 2
Last Minutes Offensive
Center Left Wing Right Wing Defense Defense
Corey Trivino Nick Spaling Jordan Szwarz Brian Dumoulin Philip Larsen
Last Minutes Defensive
Center Left Wing Right Wing Defense Defense
Corey Trivino Nick Spaling Jordan Szwarz Brian Dumoulin Philip Larsen
Goaltenders
Starting : Joni Ortio
Backup : Kristers Gudlevskis
Extra Forwards
Normal : Danton Heinen, Matt Lindblad, Dominic Turgeon - PP : Danton Heinen, Matt Lindblad - PK : Dominic Turgeon
Extra Defensemen
Normal : Andrei Mironov, Stuart Percy, Tyler Lewington - PP : Andrei Mironov - PK : Stuart Percy, Tyler Lewington
Penalty Shots
Nick Spaling, Jordan Szwarz, Corey Trivino, Tyler Pitlick, Peter Holland
Scratches
Anthony Camara (Healthy), Sergey Tolchinsky (Concussion Injury), Lars Eller (Torn Right MCL Injury), David Pastrnak (Broken Right Thumb Injury), Ryan MacInnis (Healthy)
Matt Tomkins (Healthy)
% Time on Ice - Atomiques
Lines # - Real PCT - Wanted PCT - Time Play
Normal Forward
1 - 34% - 40% - 14:07
2 - 28% - 30% - 11:31
3 - 24% - 20% - 10:02
4 - 14% - 10% - 5:42
Normal Defense
1 - 41% - 40% - 16:47
2 - 33% - 30% - 13:50
3 - 21% - 20% - 8:29
4 - 5% - 10% - 2:16
PP Forward
1 - 57% - 60% - 3:31
2 - 43% - 40% - 2:36
PP Defense
1 - 61% - 60% - 3:44
2 - 39% - 40% - 2:23
PK Forward
1 - 72% - 60% - 9:04
2 - 28% - 40% - 3:27
PK Defense
1 - 67% - 60% - 8:20
2 - 33% - 40% - 4:11
PK3 Forward
1 - 0% - 60%
2 - 0% - 40%
PK3 Defense
1 - 0% - 60%
2 - 0% - 40%
44 Forward
1 - 0% - 60%
2 - 0% - 40%
44 Defense
1 - 0% - 60%
2 - 0% - 40%
Last Minute Offensive - 0:00
Last Minute Defensive - 0:00
Total
Forward - 60:00
Defense - 60:00
|
% Time on Ice - Diablos
Lines # - Real PCT - Wanted PCT - Time Play
Normal Forward
1 - 35% - 40% - 14:22
2 - 23% - 30% - 9:40
3 - 24% - 20% - 10:08
4 - 17% - 10% - 7:12
Normal Defense
1 - 45% - 40% - 18:35
2 - 31% - 30% - 12:49
3 - 17% - 20% - 7:06
4 - 7% - 10% - 2:52
PP Forward
1 - 55% - 60% - 6:53
2 - 45% - 40% - 5:38
PP Defense
1 - 54% - 60% - 6:48
2 - 46% - 40% - 5:43
PK Forward
1 - 81% - 60% - 4:56
2 - 19% - 40% - 1:11
PK Defense
1 - 63% - 60% - 3:50
2 - 37% - 40% - 2:17
PK3 Forward
1 - 0% - 60%
2 - 0% - 40%
PK3 Defense
1 - 0% - 60%
2 - 0% - 40%
44 Forward
1 - 0% - 60%
2 - 0% - 40%
44 Defense
1 - 0% - 60%
2 - 0% - 40%
Last Minute Offensive - 0:00
Last Minute Defensive - 0:00
Total
Forward - 60:00
Defense - 60:00
|
Play-by-Play
1st period
0:01 of 1st period - James Wright wins face-off versus Corey Trivino in neutral zone.
0:04 of 1st period - Philip Larsen is hit by Dwight King and loses puck.
0:15 of 1st period - Backhand shot by Jordan Szwarz.
0:15 of 1st period - Goal by Jordan Szwarz - Atomiques : 0 - Diablos : 1.
0:16 of 1st period - Peter Holland wins face-off versus Chris Tierney in neutral zone.
0:23 of 1st period - Snap shot by Jiri Sekac.
0:23 of 1st period - Shot Misses the Net.
1:17 of 1st period - Icing by James Wright.
1:18 of 1st period - James Wright wins face-off versus Ty Rattie in Atomiques zone.
2:45 of 1st period - Icing by Michael Chaput.
2:46 of 1st period - Riley Nash wins face-off versus Michael Chaput in Atomiques zone.
3:33 of 1st period - Jakub Vrana is hit by Chris Tierney and loses puck.
3:42 of 1st period - Wrist shot by Corey Tropp.
3:42 of 1st period - Stopped by Joni Ortio with a rebound.
5:15 of 1st period - Slapshot by Philip Larsen.
5:15 of 1st period - Shot Misses the Net.
5:29 of 1st period - Slapshot by Jordan Szwarz.
5:29 of 1st period - Shot Misses the Net.
5:31 of 1st period - Slapshot by Brian Dumoulin.
5:31 of 1st period - Stopped by Andrew Hammond without a rebound.
5:32 of 1st period - Corey Trivino wins face-off versus Anthony Nigro in Atomiques zone.
5:46 of 1st period - Off-side.
5:47 of 1st period - Peter Holland wins face-off versus James Wright in neutral zone.
5:50 of 1st period - Wrist shot by Peter Holland.
5:50 of 1st period - Stopped by Andrew Hammond without a rebound.
5:51 of 1st period - Tyler Pitlick wins face-off versus James Wright in Atomiques zone.
5:52 of 1st period - Wrist shot by Peter Holland.
5:52 of 1st period - Shot Blocked by Samuel Morin.
5:54 of 1st period - Slapshot by Andrey Pedan.
5:54 of 1st period - Shot Blocked by Samuel Morin.
6:40 of 1st period - Snap shot by Michael Chaput.
6:40 of 1st period - Shot Blocked by Scott Glennie.
6:42 of 1st period - Slapshot by Colby Cohen.
6:42 of 1st period - Shot Misses the Net.
6:44 of 1st period - Slapshot by Colby Cohen.
6:44 of 1st period - Shot Blocked by Viktor Loov.
7:14 of 1st period - Minor Penalty to Max McCormick for Tripping.
7:15 of 1st period - Corey Trivino wins face-off versus Jimmy Hayes in Atomiques zone.
7:20 of 1st period - Slapshot by Nick Spaling.
7:20 of 1st period - Stopped by Andrew Hammond with a rebound.
8:38 of 1st period - Icing by Nick Spaling.
8:39 of 1st period - Corey Trivino wins face-off versus Nicolas Aube-Kubel in Diablos zone.
8:52 of 1st period - Snap shot by Nick Spaling.
8:52 of 1st period - Stopped by Andrew Hammond without a rebound.
8:53 of 1st period - Jimmy Hayes wins face-off versus Peter Holland in Atomiques zone.
9:14 of 1st period - Penalty to Max McCormick is over, Max McCormick is back on ice.
9:28 of 1st period - Snap shot by Corey Tropp.
9:28 of 1st period - Stopped by Joni Ortio without a rebound.
9:29 of 1st period - Corey Tropp wins face-off versus Adrian Kempe in Diablos zone.
9:40 of 1st period - Chris Tierney is hit by Jakub Vrana and loses puck.
9:45 of 1st period - Backhand shot by Adrian Kempe.
9:45 of 1st period - Stopped by Andrew Hammond without a rebound.
9:46 of 1st period - James Wright wins face-off versus Corey Trivino in Atomiques zone.
9:51 of 1st period - Snap shot by Jordan Szwarz.
9:51 of 1st period - Stopped by Andrew Hammond with a rebound.
9:53 of 1st period - Slapshot by Nick Spaling.
9:53 of 1st period - Stopped by Andrew Hammond without a rebound.
9:54 of 1st period - Jordan Szwarz wins face-off versus James Wright in Atomiques zone.
10:01 of 1st period - Snap shot by Corey Trivino.
10:01 of 1st period - Deflect By Jordan Szwarz.
10:01 of 1st period - Shot Blocked by Samuel Morin.
10:01 of 1st period - Puck is out of play.
10:02 of 1st period - Corey Trivino wins face-off versus James Wright in Atomiques zone.
10:07 of 1st period - Snap shot by Jimmy Hayes.
10:07 of 1st period - Goal by Jimmy Hayes - Atomiques : 1 - Diablos : 1.
10:08 of 1st period - Corey Trivino wins face-off versus James Wright in neutral zone.
11:04 of 1st period - Slapshot by Brian Dumoulin.
11:04 of 1st period - Shot Misses the Net.
11:06 of 1st period - Snap shot by Philip Larsen.
11:06 of 1st period - Shot Blocked by Bobby Farnham.
11:24 of 1st period - Snap shot by James Wright.
11:24 of 1st period - Stopped by Joni Ortio with a rebound.
11:38 of 1st period - Minor Penalty to Jamie Devane for Hooking.
11:39 of 1st period - James Wright wins face-off versus Nick Spaling in Diablos zone.
12:14 of 1st period - Wrist shot by Dalton Smith.
12:14 of 1st period - Stopped by Joni Ortio with a rebound.
12:16 of 1st period - Snap shot by Corey Tropp.
12:16 of 1st period - Shot Misses the Net.
12:18 of 1st period - Snap shot by Chris Tierney.
12:18 of 1st period - Shot Misses the Net.
12:20 of 1st period - Wrist shot by Dalton Smith.
12:20 of 1st period - Shot Misses the Net.
13:38 of 1st period - Penalty to Jamie Devane is over, Jamie Devane is back on ice.
13:53 of 1st period - Snap shot by Adrian Kempe.
13:53 of 1st period - Shot Misses the Net.
13:55 of 1st period - Minor Penalty to Bobby Farnham for High sticking.
13:56 of 1st period - James Wright wins face-off versus Corey Trivino in Atomiques zone.
14:05 of 1st period - Jimmy Hayes is hit by Jordan Szwarz and loses puck.
14:25 of 1st period - Matt Tennyson is hit by Nick Spaling and loses puck.
14:30 of 1st period - Wrist shot by Corey Trivino.
14:30 of 1st period - Shot Misses the Net.
14:32 of 1st period - Snap shot by Corey Trivino.
14:32 of 1st period - Goal by Corey Trivino - Atomiques : 1 - Diablos : 2.
14:33 of 1st period - James Wright wins face-off versus Peter Holland in neutral zone.
14:33 of 1st period - James Wright is hit by Brian Dumoulin.
14:39 of 1st period - Wrist shot by James Wright.
14:39 of 1st period - Shot Hit the Post.
14:41 of 1st period - Backhand shot by Samuel Morin.
14:41 of 1st period - Stopped by Joni Ortio with a rebound.
14:47 of 1st period - Snap shot by James Wright.
14:47 of 1st period - Stopped by Joni Ortio with a rebound.
15:11 of 1st period - Snap shot by Michael Chaput.
15:11 of 1st period - Deflect By Brendan Lemieux.
15:11 of 1st period - Shot Blocked by Brian Dumoulin.
15:11 of 1st period - Puck is out of play.
15:12 of 1st period - James Wright wins face-off versus Corey Trivino in Diablos zone.
15:58 of 1st period - Slapshot by Matt Tennyson.
15:58 of 1st period - Deflect By Michael Chaput.
15:58 of 1st period - Shot Misses the Net.
15:58 of 1st period - Puck is out of play.
15:59 of 1st period - Michael Chaput wins face-off versus Riley Nash in Diablos zone.
16:25 of 1st period - Minor Penalty to Brian Dumoulin for Interference.
16:26 of 1st period - James Wright wins face-off versus Nick Spaling in Diablos zone.
18:25 of 1st period - Penalty to Brian Dumoulin is over, Brian Dumoulin is back on ice.
18:40 of 1st period - Icing by Stuart Percy.
18:41 of 1st period - Adrian Kempe wins face-off versus Anthony Nigro in Diablos zone.
19:24 of 1st period - Corey Trivino is hit by Bobby Farnham.
19:46 of 1st period - Chris Tierney is hit by Peter Holland and loses puck.
Goals for this period are 1 for Atomiques vs 2 for Diablos .
Shots for this period are 7 for Atomiques vs 9 for Diablos .
2nd period
0:01 of 2nd period - James Wright wins face-off versus Corey Trivino in neutral zone.
0:16 of 2nd period - Wrist shot by James Wright.
0:16 of 2nd period - Stopped by Joni Ortio without a rebound.
0:17 of 2nd period - Chris Tierney wins face-off versus Peter Holland in Diablos zone.
0:20 of 2nd period - Snap shot by Corey Tropp.
0:20 of 2nd period - Shot Misses the Net.
0:47 of 2nd period - Wrist shot by Jimmy Hayes.
0:47 of 2nd period - Shot Blocked by Jordan Szwarz.
0:49 of 2nd period - Wrist shot by Dwight King.
0:49 of 2nd period - Shot Hit the Post.
1:02 of 2nd period - Minor Penalty to Brendan Lemieux for Tripping.
1:03 of 2nd period - Jimmy Hayes wins face-off versus Corey Trivino in Atomiques zone.
1:03 of 2nd period - Jimmy Hayes is hit by Philip Larsen.
1:28 of 2nd period - Jimmy Hayes is hit by Brian Dumoulin and loses puck.
3:02 of 2nd period - Penalty to Brendan Lemieux is over, Brendan Lemieux is back on ice.
3:07 of 2nd period - Wiley Sherman is hit by Philip Larsen and loses puck.
3:20 of 2nd period - Wiley Sherman is hit by Jakub Vrana and loses puck.
3:41 of 2nd period - Wrist shot by Corey Tropp.
3:41 of 2nd period - Stopped by Joni Ortio without a rebound.
3:42 of 2nd period - Chris Tierney wins face-off versus Riley Nash in Diablos zone.
3:43 of 2nd period - Snap shot by Corey Tropp.
3:43 of 2nd period - Shot Misses the Net.
3:45 of 2nd period - Snap shot by Dalton Smith.
3:45 of 2nd period - Shot Misses the Net.
3:47 of 2nd period - Snap shot by Chris Tierney.
3:47 of 2nd period - Shot Misses the Net.
3:49 of 2nd period - Snap shot by Chris Tierney.
3:49 of 2nd period - Shot Misses the Net.
3:51 of 2nd period - Slapshot by Corey Tropp.
3:51 of 2nd period - Shot Blocked by Jamie Devane.
3:53 of 2nd period - Snap shot by Dalton Smith.
3:53 of 2nd period - Deflect By Corey Tropp.
3:53 of 2nd period - Shot Hit the Post.
3:53 of 2nd period - Puck is out of play.
3:54 of 2nd period - James Wright wins face-off versus Corey Trivino in Diablos zone.
4:04 of 2nd period - Minor Penalty to Matt Tennyson for Tripping.
4:05 of 2nd period - Jimmy Hayes wins face-off versus Corey Trivino in Atomiques zone.
6:04 of 2nd period - Penalty to Matt Tennyson is over, Matt Tennyson is back on ice.
6:07 of 2nd period - Icing by Nicolas Aube-Kubel.
6:08 of 2nd period - Scott Glennie wins face-off versus Nicolas Aube-Kubel in Atomiques zone.
6:23 of 2nd period - Travis Sanheim is hit by Scott Glennie and loses puck.
6:45 of 2nd period - Icing by Dalton Smith.
6:46 of 2nd period - Corey Trivino wins face-off versus Chris Tierney in Atomiques zone.
6:52 of 2nd period - Off-side.
6:53 of 2nd period - Chris Tierney wins face-off versus Jordan Szwarz in neutral zone.
6:58 of 2nd period - Andrey Pedan is hit by Corey Tropp and loses puck.
7:19 of 2nd period - Jordan Szwarz is hit by Brendan Lemieux and loses puck.
7:30 of 2nd period - Snap shot by Nick Spaling.
7:30 of 2nd period - Shot Hit the Post.
7:32 of 2nd period - Snap shot by Nick Spaling.
7:32 of 2nd period - Shot Misses the Net.
7:34 of 2nd period - Snap shot by Jordan Szwarz.
7:34 of 2nd period - Deflect By Nick Spaling.
7:34 of 2nd period - Shot Misses the Net.
7:34 of 2nd period - Puck is out of play.
7:35 of 2nd period - Peter Holland wins face-off versus James Wright in Atomiques zone.
8:32 of 2nd period - Wrist shot by Riley Nash.
8:32 of 2nd period - Shot Misses the Net.
8:38 of 2nd period - Wrist shot by Michael Chaput.
8:38 of 2nd period - Stopped by Joni Ortio without a rebound.
8:39 of 2nd period - Corey Trivino wins face-off versus James Wright in Diablos zone.
9:04 of 2nd period - Andrey Pedan is hit by Bobby Farnham and loses puck.
9:37 of 2nd period - Slapshot by Adrian Kempe.
9:37 of 2nd period - Stopped by Andrew Hammond without a rebound.
9:38 of 2nd period - James Wright wins face-off versus Corey Trivino in Atomiques zone.
9:38 of 2nd period - James Wright is hit by Jordan Szwarz.
10:05 of 2nd period - Peter Holland is hit by Dalton Smith and loses puck.
10:26 of 2nd period - Slapshot by Anthony Nigro.
10:26 of 2nd period - Deflect By Viktor Loov.
10:26 of 2nd period - Shot Blocked by Viktor Loov.
10:26 of 2nd period - Puck is out of play.
10:27 of 2nd period - Adrian Kempe wins face-off versus Anthony Nigro in Diablos zone.
11:23 of 2nd period - Brian Dumoulin is hit by Chris Tierney and loses puck.
11:41 of 2nd period - Slapshot by Riley Nash.
11:41 of 2nd period - Deflect By Ty Rattie.
11:41 of 2nd period - Shot Misses the Net.
11:41 of 2nd period - Puck is out of play.
11:42 of 2nd period - James Wright wins face-off versus Corey Trivino in Atomiques zone.
12:08 of 2nd period - Corey Tropp is hit by Tyler Pitlick and loses puck.
12:19 of 2nd period - Tyler Pitlick is hit by Dalton Smith and loses puck.
13:23 of 2nd period - Snap shot by Joseph Cramarossa.
13:23 of 2nd period - Deflect By Tyler Lewington.
13:23 of 2nd period - Shot Misses the Net.
13:23 of 2nd period - Puck is out of play.
13:24 of 2nd period - James Wright wins face-off versus Peter Holland in Diablos zone.
13:25 of 2nd period - Wrist shot by Dwight King.
13:25 of 2nd period - Shot Misses the Net.
13:37 of 2nd period - Slapshot by Tyler Pitlick.
13:37 of 2nd period - Stopped by Andrew Hammond without a rebound.
13:38 of 2nd period - Corey Trivino wins face-off versus James Wright in Atomiques zone.
14:03 of 2nd period - Samuel Morin is hit by Tyler Pitlick and loses puck.
14:26 of 2nd period - Slapshot by Max McCormick.
14:26 of 2nd period - Stopped by Joni Ortio with a rebound.
14:28 of 2nd period - Snap shot by Joseph Cramarossa.
14:28 of 2nd period - Shot Blocked by Scott Glennie.
14:30 of 2nd period - Snap shot by Anthony Nigro.
14:30 of 2nd period - Shot Misses the Net.
14:32 of 2nd period - Slapshot by Anthony Nigro.
14:32 of 2nd period - Shot Blocked by Brian Dumoulin.
14:34 of 2nd period - Wrist shot by Travis Sanheim.
14:34 of 2nd period - Deflect By Jakub Vrana.
14:34 of 2nd period - Stopped by Joni Ortio with a rebound.
14:48 of 2nd period - Snap shot by Nick Spaling.
14:48 of 2nd period - Shot Misses the Net.
15:29 of 2nd period - Minor Penalty to Matt Tennyson for Roughing.
15:30 of 2nd period - Jimmy Hayes wins face-off versus Corey Trivino in Atomiques zone.
15:30 of 2nd period - Jimmy Hayes is hit by Viktor Loov.
16:34 of 2nd period - Colby Cohen is hit by Jiri Sekac and loses puck.
16:51 of 2nd period - Slapshot by Colby Cohen.
16:51 of 2nd period - Shot Hit the Post.
17:29 of 2nd period - Penalty to Matt Tennyson is over, Matt Tennyson is back on ice.
17:35 of 2nd period - Brendan Lemieux is hit by Philip Larsen and loses puck.
18:05 of 2nd period - Snap shot by Max McCormick.
18:05 of 2nd period - Shot Blocked by Stuart Percy.
18:23 of 2nd period - Wrist shot by Corey Tropp.
18:23 of 2nd period - Shot Blocked by Jordan Szwarz.
18:25 of 2nd period - Slapshot by Dalton Smith.
18:25 of 2nd period - Shot Blocked by Stuart Percy.
18:27 of 2nd period - Wrist shot by Corey Tropp.
18:27 of 2nd period - Stopped by Joni Ortio with a rebound.
18:29 of 2nd period - Backhand shot by Corey Tropp.
18:29 of 2nd period - Shot Misses the Net.
18:39 of 2nd period - Andrei Mironov is hit by Jimmy Hayes and loses puck.
18:44 of 2nd period - Slapshot by Dwight King.
18:44 of 2nd period - Shot Blocked by Stuart Percy.
19:00 of 2nd period - Snap shot by Scott Glennie.
19:00 of 2nd period - Shot Misses the Net.
19:02 of 2nd period - Minor Penalty to Brendan Lemieux for High sticking.
19:03 of 2nd period - Jimmy Hayes wins face-off versus Jiri Sekac in Atomiques zone.
Goals for this period are 0 for Atomiques vs 0 for Diablos .
Shots for this period are 6 for Atomiques vs 2 for Diablos .
3rd period
0:01 of 3rd period - Corey Trivino wins face-off versus Jimmy Hayes in neutral zone.
0:04 of 3rd period - Slapshot by Philip Larsen.
0:04 of 3rd period - Stopped by Andrew Hammond with a rebound.
0:06 of 3rd period - Slapshot by Corey Trivino.
0:06 of 3rd period - Shot Misses the Net.
0:08 of 3rd period - Snap shot by Corey Trivino.
0:08 of 3rd period - Shot Misses the Net.
0:10 of 3rd period - Slapshot by Philip Larsen.
0:10 of 3rd period - Shot Blocked by Jimmy Hayes.
0:14 of 3rd period - Snap shot by Nick Spaling.
0:14 of 3rd period - Stopped by Andrew Hammond with a rebound.
0:16 of 3rd period - Snap shot by Brian Dumoulin.
0:16 of 3rd period - Stopped by Andrew Hammond with a rebound.
0:26 of 3rd period - Matt Tennyson is hit by Philip Larsen and loses puck.
0:45 of 3rd period - Slapshot by Matt Tennyson.
0:45 of 3rd period - Stopped by Joni Ortio with a rebound.
1:02 of 3rd period - Penalty to Brendan Lemieux is over, Brendan Lemieux is back on ice.
1:06 of 3rd period - Icing by Colby Cohen.
1:07 of 3rd period - Dwight King wins face-off versus Adrian Kempe in Atomiques zone.
1:18 of 3rd period - Wrist shot by Michael Chaput.
1:18 of 3rd period - Shot Misses the Net.
1:20 of 3rd period - Slapshot by Wiley Sherman.
1:20 of 3rd period - Stopped by Joni Ortio with a rebound.
1:22 of 3rd period - Wrist shot by Brendan Lemieux.
1:22 of 3rd period - Shot Misses the Net.
2:15 of 3rd period - Wrist shot by Wiley Sherman.
2:15 of 3rd period - Shot Blocked by Andrey Pedan.
2:33 of 3rd period - Max McCormick is hit by Nick Spaling and loses puck.
2:52 of 3rd period - Snap shot by Scott Glennie.
2:52 of 3rd period - Stopped by Andrew Hammond without a rebound.
2:53 of 3rd period - Adrian Kempe wins face-off versus Michael Chaput in Atomiques zone.
3:00 of 3rd period - Snap shot by Adrian Kempe.
3:00 of 3rd period - Shot Misses the Net.
3:02 of 3rd period - Wrist shot by Adrian Kempe.
3:02 of 3rd period - Stopped by Andrew Hammond without a rebound.
3:03 of 3rd period - James Wright wins face-off versus Corey Trivino in Atomiques zone.
3:11 of 3rd period - Minor Penalty to Jordan Szwarz for Interference.
3:12 of 3rd period - Nick Spaling wins face-off versus James Wright in Diablos zone.
3:27 of 3rd period - Snap shot by Dwight King.
3:27 of 3rd period - Shot Misses the Net.
4:33 of 3rd period - Brian Dumoulin is hit by Chris Tierney and loses puck.
5:11 of 3rd period - Penalty to Jordan Szwarz is over, Jordan Szwarz is back on ice.
5:32 of 3rd period - Snap shot by Brendan Lemieux.
5:32 of 3rd period - Stopped by Joni Ortio without a rebound.
5:33 of 3rd period - Michael Chaput wins face-off versus Adrian Kempe in Diablos zone.
5:57 of 3rd period - Wrist shot by Michael Chaput.
5:57 of 3rd period - Stopped by Joni Ortio with a rebound.
5:59 of 3rd period - Slapshot by Brendan Lemieux.
5:59 of 3rd period - Deflect By Bobby Farnham.
5:59 of 3rd period - Stopped by Joni Ortio without a rebound.
6:00 of 3rd period - Corey Trivino wins face-off versus James Wright in Diablos zone.
6:29 of 3rd period - Slapshot by Wiley Sherman.
6:29 of 3rd period - Shot Blocked by Philip Larsen.
6:47 of 3rd period - Wrist shot by Brendan Lemieux.
6:47 of 3rd period - Shot Misses the Net.
6:49 of 3rd period - Wrist shot by Michael Chaput.
6:49 of 3rd period - Goal by Michael Chaput - Atomiques : 2 - Diablos : 2.
6:50 of 3rd period - Dwight King wins face-off versus Corey Trivino in neutral zone.
7:29 of 3rd period - Tyler Pitlick is hit by Dalton Smith and loses puck.
7:45 of 3rd period - Icing by Brendan Lemieux.
7:46 of 3rd period - Michael Chaput wins face-off versus Corey Trivino in Atomiques zone.
7:53 of 3rd period - Slapshot by Michael Chaput.
7:53 of 3rd period - Stopped by Joni Ortio with a rebound.
7:55 of 3rd period - Snap shot by Bobby Farnham.
7:55 of 3rd period - Shot Blocked by Andrey Pedan.
7:57 of 3rd period - Snap shot by Bobby Farnham.
7:57 of 3rd period - Stopped by Joni Ortio with a rebound.
7:59 of 3rd period - Wrist shot by Bobby Farnham.
7:59 of 3rd period - Shot Misses the Net.
8:01 of 3rd period - Slapshot by Colby Cohen.
8:01 of 3rd period - Stopped by Joni Ortio without a rebound.
8:02 of 3rd period - James Wright wins face-off versus Peter Holland in Diablos zone.
8:05 of 3rd period - Snap shot by Dwight King.
8:05 of 3rd period - Shot Hit the Post.
8:36 of 3rd period - Snap shot by Jordan Szwarz.
8:36 of 3rd period - Shot Blocked by Colby Cohen.
8:55 of 3rd period - Slapshot by Brian Dumoulin.
8:55 of 3rd period - Stopped by Andrew Hammond without a rebound.
8:56 of 3rd period - James Wright wins face-off versus Riley Nash in Atomiques zone.
9:23 of 3rd period - Ty Rattie is hit by Joseph Cramarossa and loses puck.
9:28 of 3rd period - Wrist shot by Anthony Nigro.
9:28 of 3rd period - Stopped by Joni Ortio with a rebound.
9:30 of 3rd period - Slapshot by Anthony Nigro.
9:30 of 3rd period - Stopped by Joni Ortio with a rebound.
9:32 of 3rd period - Snap shot by Anthony Nigro.
9:32 of 3rd period - Shot Blocked by Riley Nash.
9:34 of 3rd period - Slapshot by Samuel Morin.
9:34 of 3rd period - Shot Misses the Net.
10:22 of 3rd period - Wrist shot by Corey Tropp.
10:22 of 3rd period - Stopped by Joni Ortio with a rebound.
10:24 of 3rd period - Slapshot by Wiley Sherman.
10:24 of 3rd period - Stopped by Joni Ortio with a rebound.
10:26 of 3rd period - Wrist shot by Corey Tropp.
10:26 of 3rd period - Stopped by Joni Ortio with a rebound.
10:28 of 3rd period - Slapshot by Dalton Smith.
10:28 of 3rd period - Stopped by Joni Ortio with a rebound.
10:40 of 3rd period - Wrist shot by Chris Tierney.
10:40 of 3rd period - Shot Blocked by Brian Dumoulin.
10:42 of 3rd period - Wrist shot by Dalton Smith.
10:42 of 3rd period - Shot Blocked by Brian Dumoulin.
10:46 of 3rd period - Snap shot by Corey Tropp.
10:46 of 3rd period - Shot Blocked by Riley Nash.
10:50 of 3rd period - Snap shot by Chris Tierney.
10:50 of 3rd period - Deflect By Dalton Smith.
10:50 of 3rd period - Shot Misses the Net.
10:50 of 3rd period - Puck is out of play.
10:51 of 3rd period - James Wright wins face-off versus Jordan Szwarz in Diablos zone.
10:58 of 3rd period - Snap shot by Jimmy Hayes.
10:58 of 3rd period - Shot Blocked by Corey Trivino.
11:25 of 3rd period - Backhand shot by Michael Chaput.
11:25 of 3rd period - Stopped by Joni Ortio without a rebound.
11:26 of 3rd period - James Wright wins face-off versus Corey Trivino in Diablos zone.
11:31 of 3rd period - Snap shot by James Wright.
11:31 of 3rd period - Goal by James Wright - Atomiques : 3 - Diablos : 2.
11:32 of 3rd period - James Wright wins face-off versus Corey Trivino in neutral zone.
11:45 of 3rd period - Slapshot by Jimmy Hayes.
11:45 of 3rd period - Goal by Jimmy Hayes - Atomiques : 4 - Diablos : 2.
11:46 of 3rd period - Corey Trivino wins face-off versus James Wright in neutral zone.
11:51 of 3rd period - Wrist shot by Philip Larsen.
11:51 of 3rd period - Shot Misses the Net.
12:15 of 3rd period - Snap shot by Philip Larsen.
12:15 of 3rd period - Deflect By Nick Spaling.
12:15 of 3rd period - Shot Misses the Net.
12:15 of 3rd period - Puck is out of play.
12:16 of 3rd period - Peter Holland wins face-off versus Michael Chaput in Atomiques zone.
12:17 of 3rd period - Slapshot by Jiri Sekac.
12:17 of 3rd period - Shot Blocked by Michael Chaput.
12:25 of 3rd period - Snap shot by Peter Holland.
12:25 of 3rd period - Shot Misses the Net.
12:27 of 3rd period - Slapshot by Tyler Pitlick.
12:27 of 3rd period - Goal by Tyler Pitlick - Atomiques : 4 - Diablos : 3.
12:28 of 3rd period - James Wright wins face-off versus Corey Trivino in neutral zone.
13:03 of 3rd period - Snap shot by Peter Holland.
13:03 of 3rd period - Shot Misses the Net.
13:13 of 3rd period - Snap shot by Michael Chaput.
13:13 of 3rd period - Stopped by Joni Ortio with a rebound.
13:37 of 3rd period - Max McCormick is hit by Jordan Szwarz and loses puck.
13:42 of 3rd period - Snap shot by Jordan Szwarz.
13:42 of 3rd period - Shot Blocked by Anthony Nigro.
13:44 of 3rd period - Wrist shot by Nick Spaling.
13:44 of 3rd period - Shot Blocked by Max McCormick.
13:46 of 3rd period - Slapshot by Jordan Szwarz.
13:46 of 3rd period - Shot Misses the Net.
14:01 of 3rd period - Minor Penalty to Ty Rattie for Hooking.
14:02 of 3rd period - James Wright wins face-off versus Nick Spaling in Diablos zone.
14:02 of 3rd period - Snap shot by Jimmy Hayes.
14:02 of 3rd period - Goal by Jimmy Hayes - Atomiques : 5 - Diablos : 3.
14:03 of 3rd period - James Wright wins face-off versus Corey Trivino in neutral zone.
14:10 of 3rd period - Slapshot by Matt Tennyson.
14:10 of 3rd period - Shot Blocked by Brian Dumoulin.
14:12 of 3rd period - Wrist shot by Dwight King.
14:12 of 3rd period - Stopped by Joni Ortio without a rebound.
14:13 of 3rd period - James Wright wins face-off versus Corey Trivino in Diablos zone.
14:31 of 3rd period - Minor Penalty to Jimmy Hayes for Tripping.
14:32 of 3rd period - Nicolas Aube-Kubel wins face-off versus Jordan Szwarz in Atomiques zone.
14:42 of 3rd period - James Wright is hit by Nick Spaling and loses puck.
14:57 of 3rd period - Tyler Pitlick is hit by Samuel Morin and loses puck.
16:24 of 3rd period - Slapshot by Michael Chaput.
16:24 of 3rd period - Stopped by Joni Ortio with a rebound.
16:31 of 3rd period - Penalty to Jimmy Hayes is over, Jimmy Hayes is back on ice.
16:36 of 3rd period - Colby Cohen is hit by Viktor Loov and loses puck.
16:45 of 3rd period - Slapshot by Adrian Kempe.
16:45 of 3rd period - Stopped by Andrew Hammond without a rebound.
16:46 of 3rd period - Anthony Nigro wins face-off versus Adrian Kempe in Atomiques zone.
16:51 of 3rd period - Slapshot by Travis Sanheim.
16:51 of 3rd period - Shot Blocked by Adrian Kempe.
16:53 of 3rd period - Wrist shot by Eric Mestery.
16:53 of 3rd period - Shot Blocked by Stuart Percy.
16:55 of 3rd period - Slapshot by Eric Mestery.
16:55 of 3rd period - Stopped by Joni Ortio without a rebound.
16:56 of 3rd period - Anthony Nigro wins face-off versus Jakub Vrana in Diablos zone.
16:57 of 3rd period - Slapshot by Travis Sanheim.
16:57 of 3rd period - Deflect By Anthony Nigro.
16:57 of 3rd period - Stopped by Joni Ortio with a rebound.
17:15 of 3rd period - Philip Larsen is hit by Eric Mestery.
17:28 of 3rd period - Minor Penalty to Adrian Kempe for Roughing.
17:29 of 3rd period - James Wright wins face-off versus Nick Spaling in Diablos zone.
17:29 of 3rd period - Wrist shot by Jimmy Hayes.
17:29 of 3rd period - Stopped by Joni Ortio with a rebound.
17:37 of 3rd period - Slapshot by James Wright.
17:37 of 3rd period - Goal by James Wright - Atomiques : 6 - Diablos : 3.
17:38 of 3rd period - James Wright wins face-off versus Corey Trivino in neutral zone.
18:34 of 3rd period - Slapshot by Brian Dumoulin.
18:34 of 3rd period - Deflect By Adrian Kempe.
18:34 of 3rd period - Stopped by Andrew Hammond without a rebound.
18:35 of 3rd period - James Wright wins face-off versus Corey Trivino in Atomiques zone.
18:42 of 3rd period - Wrist shot by James Wright.
18:42 of 3rd period - Deflect By Jimmy Hayes.
18:42 of 3rd period - Shot Misses the Net.
18:42 of 3rd period - Puck is out of play.
18:43 of 3rd period - Nick Spaling wins face-off versus James Wright in Diablos zone.
18:43 of 3rd period - Nick Spaling is hit by Dwight King.
18:51 of 3rd period - Snap shot by Corey Trivino.
18:51 of 3rd period - Shot Misses the Net.
18:57 of 3rd period - Wrist shot by Corey Trivino.
18:57 of 3rd period - Stopped by Andrew Hammond with a rebound.
18:59 of 3rd period - Snap shot by Nick Spaling.
18:59 of 3rd period - Stopped by Andrew Hammond without a rebound.
19:00 of 3rd period - Peter Holland wins face-off versus Chris Tierney in Atomiques zone.
19:25 of 3rd period - Peter Holland is hit by Michael Chaput and loses puck.
19:36 of 3rd period - Snap shot by Tyler Pitlick.
19:36 of 3rd period - Shot Misses the Net.
19:38 of 3rd period - Snap shot by Tyler Pitlick.
19:38 of 3rd period - Stopped by Andrew Hammond with a rebound.
19:42 of 3rd period - Slapshot by Jiri Sekac.
19:42 of 3rd period - Deflect By Tyler Pitlick.
19:42 of 3rd period - Shot Misses the Net.
19:42 of 3rd period - Puck is out of play.
19:43 of 3rd period - James Wright wins face-off versus Corey Trivino in Atomiques zone.
19:49 of 3rd period - Icing by Dwight King.
19:50 of 3rd period - Corey Trivino wins face-off versus James Wright in Atomiques zone.
Goals for this period are 5 for Atomiques vs 1 for Diablos .
Shots for this period are 26 for Atomiques vs 12 for Diablos .
Back to the Top